 Dungeon Crawl Stone Soup version 0.27-a0-249-g74f53ef629 (webtiles) character file.

Game seed: 2236266252150437185

9071 Borgoz the Carver (level 11, -6/94 HPs)
             Began as a Ghoul Gladiator on Feb 3, 2021.
             Was a Believer of Ashenzari.
             Mangled by a red ugly thing (12 damage)
             ... on level 11 of the Dungeon.
             The game lasted 00:21:32 (12764 turns).

Borgoz the Carver (Ghoul Gladiator)                Turns: 12764, Time: 00:21:33

Health: -6/94      AC: 14    Str: 19      XL:     11   Next: 40%
Magic:  10/10      EV: 17    Int:  8 (9)  God:    Ashenzari [**....]
Gold:   264        SH:  0    Dex: 19      Spells: 10/10 levels left

rFire    + . .     SeeInvis .   a - +3 scimitar (flame)
rCold    + . .     Faith    .   (no shield)
rNeg     + + +     Spirit   .   B - +2 leather armour "Archas" {Harm}
rPois    ∞         Reflect  .   r - +0 hat of Ytiots {rPois rF+ Will+ Stlth+}
rElec    .         Harm     +   h - +0 cloak
rCorr    .         Rampage  .   c - +2 pair of gloves
Will     +....                  g - +2 pair of boots
Stlth    ++........             (no amulet)
HPRegen  0.00/turn              m - +6 ring of intelligence
MPRegen  0.12/turn              q - +6 ring of dexterity

@: confused, very slightly contaminated
A: claws 1, cold resistance 1, negative energy resistance 3, inhibited
regeneration, torment resistance, unbreathing
a: Renounce Religion, Curse Item, Scrying


You were on level 11 of the Dungeon.
You worshipped Ashenzari.
Ashenzari was pleased with you.
You visited 2 branches of the dungeon, and saw 12 of its levels.
You visited 1 bazaar.

You collected 872 gold pieces.
You spent 608 gold pieces at shops.

Inventory:

Hand Weapons
 a - a +3 scimitar of flaming (weapon)
Missiles
 d - 2 throwing nets (quivered)
Armour
 c - a +2 pair of gloves (worn)
 f - the +2 ratskin cloak {*Rats rPois rN+ Str-1 Int-1 Dex+1}
   (You found it on level 7 of the Dungeon)

   It affects your strength (-1).
   It affects your intelligence (-1).
   It affects your dexterity (+1).
   It protects you from poison.
   It protects you from negative energy.
 g - a +2 pair of boots (worn)
 h - a +0 cloak (worn)
 k - the +1 helmet of Stoicism {*Contam Harm rElec rF+}
   (You took it off Robin on level 3 of the Dungeon)

   It protects you from fire.
   It insulates you from electricity.
   It causes magical contamination when unequipped.
   It increases damage dealt and taken.
 r - the +0 hat of Ytiots (worn) {rPois rF+ Will+ Stlth+}
   (You bought it in a shop in a bazaar)

   It protects you from fire.
   It protects you from poison.
   It affects your willpower, your defense against some magical effects.
   It makes you more stealthy.
 x - the +1 robe of a volcano {rC+ rN++}
   (You found it on level 7 of the Dungeon)

   It protects you from cold.
   It greatly protects you from negative energy.
 A - the +7 scale mail of the Mantidfly {Int-2 Dex+6}
   (You found it on level 11 of the Dungeon)

   It affects your intelligence (-2).
   It affects your dexterity (+6).
 B - the +2 leather armour "Archas" (worn) {Harm}
   (You bought it in a shop in a bazaar)

   It increases damage dealt and taken.
Jewellery
 j - an uncursed ring of fire
 m - a +6 ring of intelligence (left hand)
 p - an uncursed ring of see invisible
 q - a +6 ring of dexterity (right hand)
Wands
 o - a wand of mindburst (19)
 s - a wand of flame (13)
 y - a wand of acid (10)
Scrolls
 b - a scroll of enchant weapon
 l - 5 scrolls of teleportation
 n - 8 scrolls of remove curse
 u - 2 scrolls of identify
 v - a scroll of magic mapping
 w - 3 scrolls of fear
 z - a scroll of blinking
Potions
 e - a potion of flight
 i - 2 potions of brilliance
 t - a potion of resistance
 C - a potion of might
 D - a potion of haste


   Skills:
 + Level 8.1 Fighting
 * Level 9.8 Long Blades
 - Level 1.7 Throwing
 * Level 9.3 Armour
 + Level 7.1 Dodging


You had 10 spell levels left.
You didn't know any spells.
Your spell library contained the following spells:

 Spells                   Type           Power        Failure   Level
 Animate Skeleton         Necr           0%           45%         1
 Apportation              Tloc           0%           45%         1
 Corona                   Hex            0%           45%         1
 Magic Dart               Conj           0%           45%         1
 Summon Small Mammal      Summ           0%           45%         1
 Blink                    Tloc           N/A          58%         2
 Call Imp                 Summ           0%           58%         2
 Ensorcelled Hibernation  Hex/Ice        0%           58%         2
 Slow                     Hex            0%           58%         2
 Confusing Touch          Hex            0%           83%         3
 Conjure Flame            Conj/Fire      0%           83%         3
 Dazzling Flash           Conj/Hex       0%           83%         3
 Mephitic Cloud           Conj/Pois/Air  0%           83%         3
 Tukima's Dance           Hex            0%           83%         3


Dungeon Overview and Level Annotations

Branches:
Dungeon (11/15)            Temple (1/1) D:4
   Lair: D:8-11         Orc: D:9-12

Altars:
Ashenzari
Cheibriados
Dithmenos
Elyvilon
Fedhas
Gozag
Hepliaklqana
Kikubaaqudgha
Makhleb
Nemelex Xobeh
Okawaru
Qazlal
Ru
Sif Muna
Trog
Uskayaw
Vehumet
Wu Jian
Xom
Yredelemnul
Zin
The Shining One


Innate Abilities, Weirdness & Mutations

You thrive by killing the living.
You are immune to poison.
You have sharp fingernails.
Your flesh is cold resistant. (rC+)
You are immune to negative energy. (rN+++)
You do not regenerate when monsters are visible.
You are immune to unholy pain and torment.
You can survive without breathing.


Message History

You hear some strange, mumbled words.
A puff of flame appears from out of thin air!
The puff of flame hits you. You resist.
Things that are here:
a +0 dagger; a +0 robe; an orc corpse The orc warrior misses you.
The red ugly thing gores you.
You are engulfed in flames!
You resist. Something hits you but does no damage.
You closely miss something. Something hits you but does no damage.
The orc warrior hits you from afar with a +0 trident!!
* * * LOW HITPOINT WARNING * * *
The red ugly thing closely misses you.
You closely miss something.
You hear some strange, mumbled words.
A magic dart appears from out of thin air!
The magic dart hits you.
* * * LOW HITPOINT WARNING * * *
The red ugly thing gores you.
* * * LOW HITPOINT WARNING * * *
You are engulfed in flames!
You resist.
You die...

## ####>## #.=...# ###
#.....# #.#
##....###.###
###..o{)......#
#.....u@....###
......).....##
.....$#......### ######
#..#.##........# #....#
..,###.........###.##.##
. ,*...............#...#
* #..#.....#...##...∩..
..##.....#....###...#
..,##.........####.##


You could see a red ugly thing and an orc warrior.

Vanquished Creatures
  Harold (D:9)
  Erica (D:10)
  An unseen horror (D:10)
  A centaur zombie (D:11)
  A troll (D:11)
  A vampire (D:10)
  6 yaks (D:9)
  A wraith (D:11)
  2 water moccasins
  4 sky beasts
  2 ice beasts
  4 orc warriors
  A necrophage (D:5)
  4 ogres
  6 centaurs
  2 phantoms
  2 big kobolds
  10 bullfrogs
  A scorpion (D:5)
  9 killer bees
  2 howler monkeys (D:5)
  2 electric eels (D:10)
  3 bullfrog zombies
  A jelly (D:6)
  3 hounds
  Crazy Yiuf (D:3)
  9 orc priests
  A bullfrog skeleton (D:10)
  3 centaur skeletons
  Terence (D:2)
  2 iguanas
  3 hell rats (D:7)
  5 worker ants
  15 orc wizards
  A mummy (D:7)
  3 worker ant zombies
  3 gnolls (D:4)
  Robin (D:3)
  10 adders
  4 river rats (D:7)
  5 white imps
  An ufetubus (D:10)
  An adder skeleton (D:3)
  2 worms
  A dart slug (D:2)
  4 leopard geckos
  63 orcs
  2 giant cockroaches (D:1)
  2 gnoll zombies (D:5)
  12 goblins
  11 hobgoblins
  15 jackals
  7 quokkas
  A ball python (D:2)
  7 bats
  4 frilled lizards
  A jackal zombie (D:6)
  14 kobolds
  A leopard gecko skeleton (D:8)
  24 rats
311 creatures vanquished.

Vanquished Creatures (others)
  4 withered plants (D:4)
4 creatures vanquished.

Grand Total: 315 creatures vanquished

Notes
Turn   | Place    | Note
-------+----------+-------------------------------------------
     0 | D:1      | Borgoz the Ghoul Gladiator began the quest for the Orb.
     0 | D:1      | Reached XP level 1. HP: 17/17 MP: 0/0
   150 | D:1      | Reached XP level 2. HP: 20/24 MP: 1/1
   526 | D:1      | Reached skill level 1 in Armour
   778 | D:1      | Reached XP level 3. HP: 28/30 MP: 2/2
  1291 | D:2      | Noticed Terence
  1309 | D:2      | Killed Terence
  1310 | D:2      | Reached XP level 4. HP: 23/37 MP: 3/3
  2113 | D:3      | Identified the +1 helmet of Stoicism {*Contam Harm rElec
                  | rF+}
  2113 | D:3      | Noticed Robin
  2148 | D:3      | Killed Robin
  2270 | D:3      | Reached XP level 5. HP: 19/45 MP: 4/4
  2662 | D:3      | Found a runed translucent door.
  2663 | D:3      | Noticed Crazy Yiuf
  2893 | D:3      | Killed Crazy Yiuf
  3217 | D:4      | Found a staircase to the Ecumenical Temple.
  3448 | D:3      | Reached XP level 6. HP: 47/51 MP: 5/5
  4062 | D:4      | Found an ancient bone altar of Kikubaaqudgha.
  4111 | D:4      | Reached XP level 7. HP: 41/58 MP: 6/6
  4443 | D:5      | Entered Level 5 of the Dungeon
  4626 | Temple   | Entered the Ecumenical Temple
  4852 | Temple   | Became a worshipper of Ashenzari the Shackled
  5057 | D:5      | Reached skill level 5 in Long Blades
  5840 | D:5      | Found a sparkling altar of Nemelex Xobeh.
  6073 | D:5      | Found a basalt altar of Yredelemnul.
  6177 | D:6      | Reached XP level 8. HP: 48/67 MP: 7/7
  6737 | D:6      | Found a stormy altar of Qazlal.
  6801 | D:6      | Reached skill level 5 in Armour
  6871 | D:6      | Reached * piety under Ashenzari
  6884 | D:6      | Reached skill level 5 in Fighting
  7204 | D:7      | Found a snail-covered altar of Cheibriados.
  7277 | D:7      | Got the uncursed robe of a volcano {rC+ rN++}
  7288 | D:7      | Identified the +1 robe of a volcano {rC+ rN++} (You found
                  | it on level 7 of the Dungeon)
  8045 | D:7      | Found the +2 ratskin cloak {*Rats rPois rN+ Str-1 Int-1
                  | Dex+1}
  8311 | D:8      | Reached XP level 9. HP: 72/74 MP: 8/8
  8333 | D:8      | Reached skill level 5 in Dodging
 10177 | D:9      | Noticed Harold
 10204 | D:9      | Killed Harold
 10205 | D:9      | Reached XP level 10. HP: 44/84 MP: 9/9
 10429 | D:9      | Found a shimmering altar of Xom.
 10429 | D:9      | Reached ** piety under Ashenzari
 10584 | D:9      | Found a glowing golden altar of the Shining One.
 10584 | D:9      | Found a shimmering blue altar of Sif Muna.
 10974 | D:10     | Entered Level 10 of the Dungeon
 11876 | D:10     | Noticed Erica
 11958 | D:10     | Killed Erica
 12006 | D:10     | Reached XP level 11. HP: 92/92 MP: 10/10
 12098 | D:10     | Noticed an unseen horror
 12104 | D:10     | Killed an unseen horror
 12522 | D:11     | Got the uncursed scale mail of the Mantidfly {Int-2 Dex+6}
 12524 | D:11     | Identified the +7 scale mail of the Mantidfly {Int-2 Dex+6}
                  | (You found it on level 11 of the Dungeon)
 12611 | D:11     | Found a flickering gateway to a bazaar.
 12641 | Bazaar   | Entered a bazaar
 12641 | Bazaar   | Found Icouffam's Gadget Shoppe.
 12641 | Bazaar   | Found Buon's Distillery.
 12651 | Bazaar   | Found Zedas's Antique Armour Shoppe.
 12667 | Bazaar   | Found Teojuwe's Book Emporium.
 12689 | Bazaar   | Bought a pitted hat for 243 gold pieces
 12689 | Bazaar   | Bought a dazzling leather armour for 189 gold pieces
 12699 | Bazaar   | Identified the +0 hat of Ytiots {rPois rF+ Will+ Stlth+}
                  | (You bought it in a shop in a bazaar)
 12709 | Bazaar   | Identified the +2 leather armour "Archas" {Harm} (You
                  | bought it in a shop in a bazaar)
 12729 | Bazaar   | Bought a potion of might for 32 gold pieces
 12729 | Bazaar   | Bought a potion of haste for 80 gold pieces
 12729 | Bazaar   | Bought a potion of ambrosia for 64 gold pieces
 12751 | D:11     | Noticed a red ugly thing
 12764 | D:11     | Mangled by a red ugly thing

Illustrated notes

Levels and vault maps discovered:
D:1:      minmay_arrival_semitransparent, layout_loops_ring
D:2:      layout_basic, grunt_decor_one_mirror, uniq_terence
D:3:      layout_basic, uniq_robin, uniq_crazy_yiuf_cottage
D:4:      layout_cave_pools, kiku_gazebo_garden_becter,
          minmay_temple_entry_slanted, minivault_14
D:5:      layout_basic, lemuel_zombie_altar_yredelemnul,
          nemelex_diamond_rough_becter
D:6:      layout_rooms, marbit_many_paths
D:7:      wander_guarded_unrand_ratskin, layout_basic, slow_altar_1
D:8:      layout_basic, special_room [special_room_orc]
D:9:      layout_loops_ring, old_standard_altar,
          gammafunk_temple_overflow_statue, uniq_harold
D:10:     layout_big_octagon, uniq_erica
D:11:     layout_cave_pools, minmay_lair_entry_lava, serial_shops,
          bzr_entry_gold
Temple:   regret_index_temple_generic_petals

Skill      XL: |  1  2  3  4  5  6  7  8  9 10 11 |
---------------+----------------------------------+-----
Long Blades    | 3 4 5 6 7 9 |  9.8
Armour         | 1 2 3 4 5 7 8 9 |  9.3
Dodging        | 3 4 5 6 7 |  7.1
Fighting       | 3 4 5 6 7 8 |  8.1
Throwing       | |  1.7

Action                   |  1- 3 |  4- 6 |  7- 9 | 10-12 || total
-------------------------+-------+-------+-------+-------++-------
Melee: Long sword        |    98 |   187 |   353 |   182 ||   820
       Dagger            |       |       |   223 |       ||   223
       Scimitar          |       |       |       |   100 ||   100
Throw: Throwing net      |       |       |     2 |     4 ||     6
  Use: Potion            |       |     4 |     6 |     2 ||    12
       Scroll            |       |    11 |     8 |     6 ||    25
 Stab: Sleeping          |       |       |     3 |     1 ||     4
       Held in net/web   |       |       |     2 |     5 ||     7
       Distracted        |       |       |     1 |       ||     1
Armor: Ring mail         |    43 |   111 |   138 |       ||   292
       Robe              |       |       |   138 |    90 ||   228
       Scale mail        |       |       |       |    43 ||    43
       Leather armour    |       |       |       |    11 ||    11
Dodge: Dodged            |    82 |   137 |   534 |   341 ||  1094
       Rpst.: Long sword |    30 |    39 |   115 |    69 ||   253
       Scimitar          |       |       |       |    43 ||    43

Table legend: (Time is in decaauts)
 A = Elapsed time spent in this place.
 B = Non-inter-level travel time spent in this place.
 C = Inter-level travel time spent in this place.
 D = Time resting spent in this place.
 E = Time spent auto-exploring this place.
 F = Levels seen in this place.
 G = Mean time per level.
                   A        B        C        D        E       F      G
               +--------+--------+--------+--------+--------+-----+--------+
         Total |  12826 |  12373 |    453 |   3938 |   5988 |  13 |  986.6 |
       Dungeon |  12463 |  12051 |    412 |   3938 |   5752 |  11 | 1133.0 |
        Temple |    267 |    226 |     41 |      0 |    211 |   1 |  267.0 |
        Bazaar |     95 |     95 |      0 |      0 |     25 |   1 |   95.0 |
               +--------+--------+--------+--------+--------+-----+--------+

Top non-repeatable levels by time:
     D:9: 1853 daAuts
     D:3: 1728 daAuts
     D:5: 1701 daAuts
     D:8: 1595 daAuts
     D:1: 1196 daAuts
     D:7: 1148 daAuts
     D:2: 869 daAuts
     D:6: 784 daAuts
     D:4: 750 daAuts
    D:10: 631 daAuts
  Temple: 267 daAuts
    D:11: 203 daAuts
  Bazaar: 95 daAuts
